Map: Nightshade LE

Players

Ratl - Winner!

  • Race: Protoss Protoss
  • League: Silver
  • Spawn Location: 5:00

traquer

  • Race: Zerg Zerg
  • League: Bronze
  • Spawn Location: 11:00

VOD

Have the link to the VOD?

Description

Time

  • Played on: Feb. 5, 2020, 8:38 a.m.
  • Length: 14:33
Show
View Real Time Build Order
Export as new Build Order

Ratl Protoss - Winner!

Build Orders: Double Forge 

Get SALT Encoding   

  12  0:01  Probe  
  13  0:13  Probe  
  14  0:22  Pylon  
  14  0:26  Probe  
  15  0:40  Probe  
  16  0:45  Gateway  
  16  0:50  Assimilator  
  16  0:52  Probe  
  17  1:04  Probe  
  18  1:16  Probe  
  19  1:28  Probe  
  20  1:40  Probe  
  21  1:47  Cybernetics Core  
  21  1:51  Nexus  
  21  1:54  Probe  
  22  1:59  Assimilator  
  22  2:06  Probe  
  23  2:18  Pylon  
  23  2:28  Pylon  
  23  2:36  Probe  
  24  2:45  Warp Gate (Chrono Boost)  
  24  2:46  Stalker  
  24  2:48  Probe  
  27  2:54  Robotics Facility  
  27  2:59  Pylon  
  27  3:03  Probe (Chrono Boost)  
  27  3:05  Probe (Chrono Boost)  
  29  3:14  Probe (Chrono Boost)  
  29  3:15  Probe (Chrono Boost)  
  30  3:23  Probe x2 (Chrono Boost)  
  30  3:25  Gateway  
  32  3:28  Probe (Chrono Boost)  
  32  3:29  Probe  
  32  3:30  Assimilator  
  32  3:32  Stalker  
  36  3:41  Probe  
  36  3:42  Probe  
  36  3:45  Observer  
  39  3:53  Probe  
  39  3:54  Probe  
  41  3:59  Pylon  
  41  4:06  Observer  
  41  4:07  Probe  
  41  4:08  Probe  
  44  4:14  Gateway  
  44  4:19  Probe  
  44  4:20  Probe  
  46  4:30  Immortal  
  50  4:31  Probe  
  50  4:32  Probe  
  50  4:34  Stalker x2  
  56  4:44  Probe x2  
  58  4:51  Observer  
  58  4:54  Robotics Bay  
  58  4:56  Probe, Forge  
  58  4:58  Forge, Observer  
  58  4:59  Probe  
  60  5:02  Pylon  
  60  5:05  Assimilator  
  60  5:08  Probe  
  60  5:11  Probe  
  62  5:20  Probe  
  63  5:23  Probe  
  63  5:28  Stalker x2  
  68  5:30  Immortal  
  72  5:35  Probe  
  72  5:36  Probe  
  74  5:47  Nexus  
  74  5:48  Probe x2  
  76  5:50  Protoss Ground Armor Level 1 (Chrono Boost)  
  76  5:51  Protoss Ground Weapons Level 1 (Chrono Boost)  
  76  5:52  Pylon  
  76  5:54  Extended Thermal Lance (Chrono Boost)  
  76  6:00  Probe x2  
  78  6:06  Twilight Council  
  78  6:07  Pylon  
  78  6:13  Pylon  
  78  6:17  Colossus  
  84  6:37  Probe x2  
  86  6:45  Twilight Council  
  86  6:49  Probe x2  
  86  6:52  Robotics Facility  
  88  6:57  Charge  
  88  7:01  Probe x2  
  88  7:02  Dark Shrine  
  88  7:07  Probe  
  91  7:10  Colossus  
  91  7:13  Probe x2  
  99  7:19  Probe  
  100  7:30  Stalker x3  
  100  7:36  Gateway, Assimilator  
  106  7:38  Gateway  
  106  7:40  Gateway  
  106  7:41  Gateway  
  106  7:42  Gateway  
  106  7:49  Colossus  
  106  7:50  Protoss Ground Armor Level 2 (Chrono Boost)  
  112  7:54  Protoss Ground Weapons Level 2 (Chrono Boost)  
  112  8:04  Immortal  
  116  8:11  Assimilator  
  116  8:23  Pylon  
  116  8:29  Pylon  
  116  8:39  Pylon  
  116  8:44  Pylon  
  116  8:46  Immortal x2  
  116  8:47  Pylon  
  124  8:50  Pylon  
  124  8:53  Pylon  
  124  9:01  Zealot x3  
  124  9:02  Zealot x3  
  136  9:03  Dark Templar x2  
  136  9:05  Pylon  
  136  9:08  Pylon  
  140  9:23  Stargate  
  140  9:25  Stargate  
  140  9:26  Immortal  
  140  9:31  Stargate  
  144  9:32  Observer  
  144  9:40  Immortal  
  144  9:45  Cybernetics Core  
  148  9:53  Protoss Air Weapons Level 1  
  148  9:56  Nexus  
  148  10:04  Dark Templar x3  
  154  10:13  Void Ray  
  158  10:23  Protoss Ground Armor Level 3 (Chrono Boost)  
  158  10:35  Protoss Ground Weapons Level 3 (Chrono Boost)  
  158  10:42  Zealot x5  
  164  10:43  Zealot x3  
  174  11:04  Warp Prism  
  174  11:06  Void Ray  
  174  11:07  Void Ray x2  
  188  11:18  Fleet Beacon  
  186  11:38  Immortal  
  186  11:42  Immortal  
  194  11:51  Phoenix  
  194  11:52  Phoenix  
  198  12:02  Unknown  
  198  12:10  Protoss Air Armor Level 1 (Chrono Boost)  
  198  12:17  Observer  
  190  13:58  Dark Templar x3  
  190  13:59  Dark Templar x2  
  190  14:02  Archon  
  200  14:03  Archon  
  198  14:26  Zealot  
Show
View Real Time Build Order
Export as new Build Order

traquer Zerg 

Build Orders: Pool First 

Get SALT Encoding   

  12  0:10  Drone  
  12  0:13  Overlord  
  13  0:43  Drone  
  14  0:52  Spawning Pool  
  13  1:10  Drone x2  
  15  1:13  Hatchery, Drone  
  15  1:22  Extractor  
  14  1:39  Drone  
  16  1:40  Drone  
  16  1:54  Zergling x2  
  17  2:27  Drone  
  17  2:28  Queen  
  20  2:32  Queen  
  22  2:40  Extractor  
  21  2:44  Metabolic Boost  
  21  2:54  Zergling x2  
  22  3:05  Drone, Roach Warren  
  21  3:06  Drone  
  21  3:07  Queen  
  25  3:19  Drone x2  
  27  3:39  Drone  
  28  4:08  Overlord  
  28  4:09  Spore Crawler  
  27  4:12  Zergling x2  
  30  4:39  Spore Crawler  
  30  4:40  Drone x3  
  32  4:54  Lair  
  30  5:00  Zergling x2, Roach  
  30  5:01  Roach  
  30  5:04  Overlord x2  
  35  5:23  Roach  
  35  5:24  Roach  
  35  5:25  Roach  
  35  5:27  Ravager  
  42  5:44  Drone x3  
  45  5:51  Zergling x2, Roach  
  45  5:52  Roach x2  
  45  5:55  Overlord  
  52  6:13  Infestation Pit  
  51  6:25  Zergling x2, Roach  
  54  6:26  Zergling x4, Roach x2  
  60  6:34  Overlord  
  60  6:36  Overlord  
  60  6:54  Hive  
  60  7:03  Zergling x2, Roach  
  60  7:04  Roach  
  65  7:17  Tunneling Claws  
  65  7:30  Evolution Chamber  
  64  7:55  Zergling x4, Roach  
  64  7:57  Hatchery  
  67  7:59  Zerg Ground Armor Level 1  
  67  8:13  Drone x2  
  67  8:14  Drone  
  67  8:19  Overlord  
  70  8:31  Adrenal Glands  
  70  8:35  Glial Reconstitution  
  70  8:44  Ultralisk Cavern  
  69  8:50  Queen  
  71  9:18  Ravager  
  71  9:20  Ravager  
  71  9:22  Ravager  
  71  9:24  Ravager  
  75  9:35  Ravager  
  76  9:43  Ravager  
  77  9:52  Zergling x10  
  82  9:53  Zerg Melee Weapons Level 1  
  82  10:00  Overlord x3  
  82  10:20  Ultralisk  
  88  11:01  Ultralisk  
  88  11:03  Zergling x2  
  88  11:04  Zergling x2  
  96  11:40  Spore Crawler  
  95  11:47  Zerg Missile Weapons Level 1  
  95  11:53  Overlord x2  
  95  12:18  Ultralisk x2  
  107  12:54  Spire  
  106  12:59  Overlord  
  106  13:19  Overlord  
  106  13:20  Zergling x4  
  106  13:21  Zergling x12  
  120  13:34  Overlord  
  120  13:35  Overlord  
  120  13:38  Ultralisk  
  120  13:40  Ravager  
Tags
 
Add a new tag
Caveats
  • Supply blocks, unpowered buildings, or Contaminate may cause inaccurate times.
  • Supply counts are checked every 10 seconds.